TOP OF THE 1ST |
Pittsburgh Pirates batting - Pitching for Los Angeles Dodgers : LHP Dave Righetti
|
Pitching: LHP Dave Righetti
|
|
Batting: RHB Dan Gladden
|
0-0: Ground out 6-3 (Groundball, 6M, EV 85.6 MPH)
|
Batting: SHB Chili Davis
|
0-0: Called Strike 0-1: Called Strike 0-2: Ball 1-2: Foul Ball, location: 2F 1-2: Strikes out swinging
|
Batting: RHB Rennie Stennett
|
0-0: Ground out 6-3 (Groundball, 6, EV 101.3 MPH)
|
Top of the 1st over - 0 runs, 0 hits, 0 errors, 0 left on base; Pittsburgh 0 - Los Angeles 0 |
BOTTOM OF THE 1ST |
Los Angeles Dodgers batting - Pitching for Pittsburgh Pirates : RHP Kelly Downs
|
Pitching: RHP Kelly Downs
|
|
Batting: RHB Billy Sample
|
0-0: SINGLE (Line Drive, 7S, EV 93.1 MPH)
|
Batting: RHB Carney Lansford
|
0-0: Ball 1-0: Ball Billy Sample steals 2nd base 2-0: Called Strike 2-1: Called Strike 2-2: Strikes out looking
|
Batting: RHB Jerry Keller
|
0-0: Ball 1-0: Ball 2-0: Ball Billy Sample steals 3rd base 3-0: Foul Ball, location: 2F 3-1: Fly out, F8 (Flyball, 89D, EV 95.6 MPH) Runner from 3rd tags up, OUT at HOME! 8-2
|
Bottom of the 1st over - 0 runs, 1 hit, 0 errors, 0 left on base; Pittsburgh 0 - Los Angeles 0 |
TOP OF THE 2ND |
Pittsburgh Pirates batting - Pitching for Los Angeles Dodgers : LHP Dave Righetti
|
Batting: LHB Robert Lopez
|
0-0: Ball 1-0: SINGLE (Groundball, 34D, EV 94.4 MPH)
|
Batting: LHB Greg Walker
|
0-0: Foul Ball, location: 2F 0-1: Ball 1-1: Foul Ball, location: 2F 1-2: Ball 2-2: Fielders Choice at 2nd, 6-4 (Groundball, 6, EV 81.3 MPH)
|
Batting: RHB Mike C Brown
|
0-0: Ball 1-0: SINGLE (Line Drive, 6M, EV 95.0 MPH) Greg Walker to second Runner from 2nd tries for 3rd, SAFE, throw by CF made to third
|
Batting: SHB John Shelby
|
0-0: Ball 1-0: Ball 2-0: Foul Ball, location: 2F 2-1: Foul Ball, location: 2F 2-2: Ball Mike C Brown steals 2nd base 3-2: Base on Balls
|
Batting: SHB Ron Oester
|
0-0: Ball 1-0: Foul Ball, location: 2F 1-1: Foul Ball, location: 2F 1-2: Foul Ball, location: 2F 1-2: Grounds into double play, 6-4-3 (Groundball, 6, EV 107.5 MPH)
|
Top of the 2nd over - 0 runs, 2 hits, 0 errors, 2 left on base; Pittsburgh 0 - Los Angeles 0 |
BOTTOM OF THE 2ND |
Los Angeles Dodgers batting - Pitching for Pittsburgh Pirates : RHP Kelly Downs
|
Batting: RHB Dick Davis
|
0-0: Ball 1-0: Ground out 4-3 (Groundball, 4, EV 93.8 MPH)
|
Batting: RHB Barry Evans
|
0-0: Ground out 6-3 (Groundball, 6M, EV 101.9 MPH)
|
Batting: LHB Darren Daulton
|
0-0: Called Strike 0-1: Ball 1-1: Foul Ball, location: 2F 1-2: Ball 2-2: Ball 3-2: SINGLE (Line Drive, 56D, EV 108.1 MPH)
|
Batting: SHB Spike Owen
|
0-0: Ball Darren Daulton steals 2nd base (no throw) 1-0: Ball 2-0: Called Strike 2-1: Ball 3-1: Base on Balls
|
Batting: RHB Roberto Reyes
|
0-0: Ball 1-0: Fielders Choice at 2nd, 6-4 (Groundball, 6, EV 85.0 MPH)
|
Bottom of the 2nd over - 0 runs, 1 hit, 0 errors, 2 left on base; Pittsburgh 0 - Los Angeles 0 |
TOP OF THE 3RD |
Pittsburgh Pirates batting - Pitching for Los Angeles Dodgers : LHP Dave Righetti
|
Batting: RHB Kelly Downs
|
0-0: Called Strike 0-1: Foul Ball, location: 2F 0-2: Strikes out looking
|
Batting: RHB Dan Gladden
|
0-0: Foul Ball, location: 2F 0-1: Ball 1-1: Ball 2-1: Called Strike 2-2: Foul Ball, location: 2F 2-2: Strikes out swinging
|
Batting: SHB Chili Davis
|
0-0: Foul Ball, location: 2F 0-1: Ball 1-1: Fly out, F7 (Flyball, 78M, EV 89.4 MPH)
|
Top of the 3rd over - 0 runs, 0 hits, 0 errors, 0 left on base; Pittsburgh 0 - Los Angeles 0 |
BOTTOM OF THE 3RD |
Los Angeles Dodgers batting - Pitching for Pittsburgh Pirates : RHP Kelly Downs
|
Batting: LHB Dave Righetti
|
0-0: Foul Ball, location: 2F 0-1: Ball 1-1: Ball 2-1: SINGLE (Groundball, 34D, EV 99.4 MPH)
|
Batting: RHB Billy Sample
|
0-0: Called Strike 0-1: SINGLE (Line Drive, 4MD, EV 97.5 MPH) Dave Righetti to second Runner from 2nd tries for 3rd, SAFE, no throw by CF
|
Batting: RHB Carney Lansford
|
0-0: Called Strike 0-1: Fielders Choice at 2nd, 5-4 (Groundball, 56, EV 81.9 MPH) Dave Righetti scores
|
Batting: RHB Jerry Keller
|
0-0: Ball 1-0: Foul Ball, location: 2F 1-1: Ball Carney Lansford is caught stealing 2nd base 2-4 2-1: Ground out 4-3 (Groundball, 4S, EV 63.8 MPH)
|
Bottom of the 3rd over - 1 run, 2 hits, 0 errors, 0 left on base; Pittsburgh 0 - Los Angeles 1 |
TOP OF THE 4TH |
Pittsburgh Pirates batting - Pitching for Los Angeles Dodgers : LHP Dave Righetti
|
Batting: RHB Rennie Stennett
|
0-0: Called Strike 0-1: Fly out, F8 (Flyball, 89M, EV 85.6 MPH)
|
Batting: LHB Robert Lopez
|
0-0: Foul Ball, location: 2F 0-1: Swinging Strike 0-2: DOUBLE (Flyball, 8LXD, EV 93.1 MPH)
|
Batting: LHB Greg Walker
|
0-0: Ball 1-0: Ball 2-0: Called Strike 2-1: Foul Ball, location: 2F 2-2: Ball 3-2: Foul Ball, location: 2F 3-2: Base on Balls
|
Batting: RHB Mike C Brown
|
0-0: Ball 1-0: Foul Ball, location: 2F 1-1: Foul Ball, location: 2F 1-2: Fielders Choice at 2nd, 3-6 (Groundball, 3, EV 86.3 MPH) Robert Lopez to third
|
Batting: SHB John Shelby
|
0-0: Swinging Strike 0-1: Swinging Strike 0-2: Strikes out looking
|
Top of the 4th over - 0 runs, 1 hit, 0 errors, 2 left on base; Pittsburgh 0 - Los Angeles 1 |
BOTTOM OF THE 4TH |
Los Angeles Dodgers batting - Pitching for Pittsburgh Pirates : RHP Kelly Downs
|
Batting: RHB Dick Davis
|
0-0: Called Strike 0-1: Ball 1-1: SINGLE (Line Drive, 5D, EV 106.3 MPH)
|
Batting: RHB Barry Evans
|
0-0: Ball 1-0: Ball 2-0: Foul Ball, location: 2F 2-1: Foul Ball, location: 2F 2-2: Foul Ball, location: 2F 2-2: Foul Ball, location: 2F 2-2: Ball 3-2: Foul Ball, location: 2F 3-2: SINGLE (Groundball, 3D, EV 101.3 MPH) Dick Davis to second Runner from 2nd tries for 3rd, SAFE, throw by RF made to third
|
Batting: LHB Darren Daulton
|
0-0: Ball 1-0: Called Strike 1-1: Swinging Strike 1-2: Strikes out swinging
|
Batting: SHB Spike Owen
|
0-0: Called Strike 0-1: Ball 1-1: Swinging Strike 1-2: Ball 2-2: Ball 3-2: Base on Balls Barry Evans to second
|
Batting: RHB Roberto Reyes
|
0-0: Called Strike 0-1: Swinging Strike 0-2: Strikes out looking
|
Batting: LHB Dave Righetti
|
0-0: Ground out 4-3 (Groundball, 4, EV 101.3 MPH)
|
Bottom of the 4th over - 0 runs, 2 hits, 0 errors, 3 left on base; Pittsburgh 0 - Los Angeles 1 |
TOP OF THE 5TH |
Pittsburgh Pirates batting - Pitching for Los Angeles Dodgers : LHP Dave Righetti
|
Batting: SHB Ron Oester
|
0-0: Ball 1-0: Ball 2-0: Called Strike 2-1: Swinging Strike 2-2: Strikes out swinging
|
Batting: RHB Kelly Downs
|
0-0: Called Strike 0-1: Called Strike 0-2: SINGLE (Groundball, 3, EV 108.8 MPH)
|
Batting: RHB Dan Gladden
|
0-0: Fly out, F9 (Flyball, 89M, EV 91.9 MPH)
|
Batting: SHB Chili Davis
|
0-0: Ball 1-0: Ball 2-0: Foul Ball, location: 2F 2-1: Ground out 1-3 (Groundball, 34S, EV 61.9 MPH)
|
Top of the 5th over - 0 runs, 1 hit, 0 errors, 1 left on base; Pittsburgh 0 - Los Angeles 1 |
BOTTOM OF THE 5TH |
Los Angeles Dodgers batting - Pitching for Pittsburgh Pirates : RHP Kelly Downs
|
Batting: RHB Billy Sample
|
0-0: Swinging Strike 0-1: Fly out, F6 (Line Drive, 6, EV 69.4 MPH)
|
Batting: RHB Carney Lansford
|
0-0: Ball 1-0: Called Strike 1-1: Swinging Strike 1-2: SINGLE (Line Drive, 4D, EV 105.6 MPH)
|
Batting: RHB Jerry Keller
|
0-0: Ball 1-0: Ball 2-0: Foul Ball, location: 2F 2-1: Called Strike 2-2: Foul Ball, location: 2F 2-2: Foul Ball, location: 2F 2-2: Ball 3-2: Fly out, F8 (Flyball, 8RXD, EV 101.3 MPH)
|
Batting: RHB Dick Davis
|
0-0: Ball 1-0: Fielders Choice at 2nd, 6-4 (Groundball, 6, EV 85.0 MPH)
|
Bottom of the 5th over - 0 runs, 1 hit, 0 errors, 1 left on base; Pittsburgh 0 - Los Angeles 1 |
TOP OF THE 6TH |
Pittsburgh Pirates batting - Pitching for Los Angeles Dodgers : LHP Dave Righetti
|
Batting: RHB Rennie Stennett
|
0-0: Ball 1-0: Fly out, F8 (Flyball, 8LM, EV 85.6 MPH)
|
Batting: LHB Robert Lopez
|
0-0: Foul Ball, location: 2F 0-1: Fly out, F7 (Flyball, 78M, EV 95.0 MPH)
|
Batting: LHB Greg Walker
|
0-0: Ball 1-0: SINGLE (Groundball, 34S, EV 64.4 MPH) (infield hit)
|
Batting: RHB Mike C Brown
|
0-0: Called Strike 0-1: Called Strike 0-2: Strikes out swinging
|
Top of the 6th over - 0 runs, 1 hit, 0 errors, 1 left on base; Pittsburgh 0 - Los Angeles 1 |
BOTTOM OF THE 6TH |
Los Angeles Dodgers batting - Pitching for Pittsburgh Pirates : RHP Kelly Downs
|
Batting: RHB Barry Evans
|
0-0: Ball 1-0: Ball 2-0: Ball 3-0: Called Strike 3-1: Base on Balls
|
Batting: LHB Darren Daulton
|
0-0: Called Strike 0-1: Ball 1-1: Foul Ball, location: 2F 1-2: Foul Ball, location: 2F 1-2: Fielders Choice at 2nd, 4-6 (Groundball, 4, EV 83.8 MPH)
|
Batting: SHB Spike Owen
|
0-0: Ball 1-0: Called Strike 1-1: Called Strike 1-2: Ball 2-2: Ball 3-2: Base on Balls Darren Daulton to second
|
Batting: RHB Roberto Reyes
|
0-0: Ball Darren Daulton steals 3rd base Spike Owen to second 1-0: Intentional Walk
|
Batting: LHB Dave Righetti
|
0-0: Ball 1-0: Grounds into fielders choice 4-2 (Groundball, 4, EV 107.5 MPH) Spike Owen to third Roberto Reyes to second
|
Batting: RHB Billy Sample
|
0-0: Ball 1-0: Ball 2-0: Ball 3-0: Ground out 5-3 (Groundball, 56S, EV 83.1 MPH)
|
Bottom of the 6th over - 0 runs, 0 hits, 0 errors, 3 left on base; Pittsburgh 0 - Los Angeles 1 |
TOP OF THE 7TH |
Pittsburgh Pirates batting - Pitching for Los Angeles Dodgers : LHP Dave Righetti
|
Batting: SHB John Shelby
|
0-0: Called Strike 0-1: Swinging Strike 0-2: Ball 1-2: Ball 2-2: Ball 3-2: Strikes out swinging
|
Batting: SHB Ron Oester
|
0-0: Called Strike 0-1: Foul Ball, location: 2F 0-2: Strikes out swinging
|
Pinch Hitting: RHB William Max
|
0-0: Ground out 6-3 (Groundball, 6, EV 106.9 MPH)
|
Top of the 7th over - 0 runs, 0 hits, 0 errors, 0 left on base; Pittsburgh 0 - Los Angeles 1 |
BOTTOM OF THE 7TH |
Los Angeles Dodgers batting - Pitching for Pittsburgh Pirates : RHP Kelly Downs
|
Pitching: RHP Mark Lemongello
|
|
Batting: RHB Carney Lansford
|
0-0: Ball 1-0: Foul Ball, location: 2F 1-1: SOLO HOME RUN (Flyball, 9LD, EV 111.9 MPH), Distance : 354 ft
|
Batting: RHB Jerry Keller
|
0-0: Ball 1-0: Fly out, F7 (Flyball, 7LM, EV 104.4 MPH)
|
Batting: RHB Dick Davis
|
0-0: Ball 1-0: Foul Ball, location: 2F 1-1: Ball 2-1: SINGLE (Line Drive, 34, EV 108.1 MPH)
|
Batting: RHB Barry Evans
|
0-0: Swinging Strike 0-1: Grounds into double play, 6-4-3 (Groundball, 6, EV 91.3 MPH)
|
Bottom of the 7th over - 1 run, 2 hits, 0 errors, 0 left on base; Pittsburgh 0 - Los Angeles 2 |
TOP OF THE 8TH |
Pittsburgh Pirates batting - Pitching for Los Angeles Dodgers : LHP Dave Righetti
|
Batting: RHB Dan Gladden
|
0-0: Ball 1-0: Ball 2-0: Fly out, F8 (Flyball, 8RD, EV 93.1 MPH)
|
Batting: SHB Chili Davis
|
0-0: Called Strike 0-1: Swinging Strike 0-2: Strikes out swinging
|
Batting: RHB Rennie Stennett
|
0-0: Ball 1-0: Foul Ball, location: 2F 1-1: Called Strike 1-2: Fly out, F8 (Flyball, 8LD, EV 97.5 MPH)
|
Top of the 8th over - 0 runs, 0 hits, 0 errors, 0 left on base; Pittsburgh 0 - Los Angeles 2 |
BOTTOM OF THE 8TH |
Los Angeles Dodgers batting - Pitching for Pittsburgh Pirates : RHP Mark Lemongello
|
Batting: LHB Darren Daulton
|
0-0: Ball 1-0: Ball 2-0: Called Strike 2-1: Called Strike 2-2: Fly out, F7 (Flyball, 7LS, EV 91.9 MPH)
|
Batting: SHB Spike Owen
|
0-0: Ball 1-0: Called Strike 1-1: Fly out, F6 (Flyball, 6D, EV 95.0 MPH)
|
Batting: RHB Roberto Reyes
|
0-0: Ball 1-0: Called Strike 1-1: Fly out, F7 (Flyball, 7LD, EV 92.5 MPH)
|
Bottom of the 8th over - 0 runs, 0 hits, 0 errors, 0 left on base; Pittsburgh 0 - Los Angeles 2 |
TOP OF THE 9TH |
Pittsburgh Pirates batting - Pitching for Los Angeles Dodgers : LHP Dave Righetti
|
Now at 1B: Chris W Smith
|
|
Batting: LHB Robert Lopez
|
0-0: Ball 1-0: Ball 2-0: Ground out 1-3 (Groundball, 13S, EV 71.3 MPH)
|
Batting: LHB Greg Walker
|
0-0: Ball 1-0: Ground out 5-3 (Groundball, 56, EV 82.5 MPH)
|
Batting: RHB Mike C Brown
|
0-0: Fly out, F7 (Line Drive, 7D, EV 93.8 MPH)
|
Top of the 9th over - 0 runs, 0 hits, 0 errors, 0 left on base; Pittsburgh 0 - Los Angeles 2 |
|